 Dungeon Crawl Stone Soup version 0.30.0 (webtiles) character file.

Game seed: 16934551262370299796

205 NinjaNoafa the Conjurer (level 5, 0/40 HPs)
             Began as a Demigod Conjurer on May 5, 2023.
             Slain by Pikel
             ... wielding a +2 whip of flaming
              (1 damage)
             ... on level 4 of the Dungeon.
             The game lasted 00:08:28 (2459 turns).

NinjaNoafa the Conjurer (Demigod Conjurer)          Turns: 2459, Time: 00:08:29

Health: 0/40       AC:  2    Str:  8    XL:     5   Next: 27%
Magic:  8/13       EV: 12    Int: 30    God:
Gold:   213        SH:  0    Dex: 12    Spells: 8/11 levels left

rFire   + . .        c - +2 dagger (venom)
rCold   . . .        (no shield)
rNeg    . . .        o - +0 robe
rPois   .            (no helmet)
rElec   .            (no cloak)
rCorr   .            (no gloves)
SInv    .            (no boots)
Will    .....        (no amulet)
Stlth   ++           n - ring of protection from fire
HPRegen 0.26/turn    u - +6 ring of intelligence
MPRegen 0.13/turn

%: no passive effects
@: no status effects
A: high MP 1, forlorn, divine attributes
a: no special abilities


You were on level 4 of the Dungeon.
You visited 1 branch of the dungeon, and saw 4 of its levels.

You collected 213 gold pieces.

Inventory:

Hand Weapons
 c - a +2 dagger of venom (weapon)
Missiles
 p - 11 boomerangs
 s - 6 poisoned darts
Armour
 o - a +0 robe (worn)
Magical Staves
 a - a staff of poison
 b - a staff of air
Jewellery
 n - a ring of protection from fire (left hand)
 u - a +6 ring of intelligence (right hand)
Scrolls
 d - a scroll of teleportation {unknown}
 g - a scroll of brand weapon {unknown}
 i - a scroll of fog {unknown}
 k - a scroll of blinking {unknown}
 m - 3 scrolls of identify {unknown}
 r - a scroll of vulnerability {unknown}
 t - a scroll of poison {unknown}
 w - a scroll of torment {unknown}
 x - a scroll of enchant armour {unknown}
 y - a scroll of amnesia {unknown}
 C - a scroll of immolation {unknown}
Potions
 e - a potion of might {unknown}
 f - 2 potions of resistance
 h - a potion of brilliance {unknown}
 j - a potion of degeneration {unknown}
 l - a potion of magic
 q - a potion of mutation {unknown}
 v - a potion of lignification
 z - a potion of curing {unknown}
 A - a potion of cancellation {unknown}
 B - a potion of invisibility {unknown}
 D - a potion of haste {unknown}


   Skills:
 - Level 1.1 Fighting
 - Level 1.7 Dodging
 - Level 1.7 Stealth
 + Level 3.5 Spellcasting
 + Level 5.0 Conjurations


You had 8 spell levels left.
You knew the following spells:

 Your Spells              Type           Power      Damage    Failure   Level
a - Magic Dart            Conj           100%       1d8       1%          1
b - Searing Ray           Conj           70%        2d7       1%          2

Your spell library contained the following spells:

 Spells                   Type           Power      Damage    Failure   Level
 Dazzling Flash           Conj/Hex       40%        N/A       8%          3
 Fulminant Prism          Conj/Hex       10%        3d9       24%         4
 Iskenderun's Mystic Bla  Conj/Tloc      20%        2d6       24%         4


Dungeon Overview and Level Annotations

Branches:
Dungeon (4/15) Zot: 21543
 Temple: D:4-7

Shops:
D:2 [   D:3 :

Annotations:
D:4 Pikel


Innate Abilities, Weirdness & Mutations

You have an increased reservoir of magic. (+10% MP)
You shall have no god before yourself.
Your divine heritage dramatically boosts your attributes as you level up.


Message History

You hit the lemure.
The lemure looks as sick as possible!
The lemure is lightly wounded.
The lemure barely misses you.
You completely miss the lemure.
The lemure is moderately wounded.
The lemure barely misses you.
Casting: Searing Ray (safe; 1% risk of failure)
Confirm with . or Enter, or press ? or * to list all spells.
Aiming: Searing Ray (safe; 1% risk of failure)
Press: ? - help, Shift-Dir - straight line, f - Pikel
Aim: Pikel, wielding a +2 whip of flaming and wearing a +0 robe (76% to hit)
The searing ray hits the lemure.
The lemure is heavily wounded.
The searing ray misses Pikel. (Press . to maintain the ray.)
The searing ray hits Pikel!
Pikel is moderately wounded.
The searing ray hits Pikel.
Pikel is moderately wounded.
The searing ray hits the lemure!
You kill the lemure!
That felt strangely unrewarding.
Pikel hits you with a +2 whip of flaming!
* * * LOW HITPOINT WARNING * * *
Unknown command.
Unknown command.
The searing ray hits Pikel!
Pikel is heavily wounded.
The searing ray misses the lemure.
You finish channelling your searing ray.
Pikel hits you with a +2 whip of flaming!
* * * LOW HITPOINT WARNING * * *
Unknown command.
Unknown command.
You hit Pikel.
Pikel is heavily wounded.
Pikel hits you with a +2 whip of flaming.
* * * LOW HITPOINT WARNING * * *
Pikel burns you.
You die...

################
#5..K...........
#5#.........5...
#K#5############
#@..........#
#.....(.....#
#...........#
#...........#
#...........#
#...........#
#.............######
###..[..............
...#............>..


You could see Pikel and 3 lemures.

Vanquished Creatures
  A lemure (D:4)
  An orc priest (D:4)
  3 orc wizards
  An adder (D:2)
  2 worms (D:2)
  3 dart slugs
  9 orcs
  5 bats
  6 endoplasms
  2 giant cockroaches (D:3)
  6 goblins
  6 hobgoblins
  4 jackals (D:3)
  3 quokkas
  6 ball pythons
  2 frilled lizards (D:2)
  5 kobolds
  8 rats
73 creatures vanquished.

Notes
Turn   | Place    | Note
-------+----------+-------------------------------------------
     0 | D:1      | NinjaNoafa the Demigod Conjurer began the quest for the
                  | Orb.
     0 | D:1      | Reached XP level 1. HP: 14/14 MP: 5/5
   295 | D:1      | Reached XP level 2. HP: 15/20 MP: 4/7
   298 | D:1      | Learned a level 2 spell: Searing Ray
   413 | D:1      | Reached skill level 4 in Conjurations
   865 | D:2      | Reached XP level 3. HP: 26/26 MP: 0/9
  1117 | D:2      | Found Eskeoxt's Armour Emporium.
  1611 | D:3      | Found Limepp's Book Shop.
  1699 | D:3      | Upgraded the game from 0.30-b1-7-gcb88a99046 to 0.30.0
  1922 | D:3      | Reached XP level 4. HP: 33/33 MP: 0/11
  2316 | D:4      | Reached skill level 5 in Conjurations
  2316 | D:4      | Reached XP level 5. HP: 20/38 MP: 2/13
  2333 | D:4      | Reached skill level 1 in Fighting
  2437 | D:4      | Noticed Pikel
  2459 | D:4      | HP: 1/40 [Pikel/+2 whip of flaming (6)]
  2459 | D:4      | Slain by Pikel

Illustrated notes

Levels and vault maps discovered:
D:1:      psy_arrival_fountain, layout_loops_ring
D:2:      layout_loops_cross, serial_shops, shop, basic_altar
D:3:      minmay_spotlight, layout_basic, serial_shops,
          nicolae_shop_advertising_works [nicolae_subvault_shop_adworks],
          shapermc_ecumenical_altar_mp_ritualfount
D:4:      layout_basic, regret_index_temple_of_mockery,
          chequers_serial_rivers_micro_a, uniq_duvessa, uniq_pikel,
          uniq_natasha, uniq_menkaure

Skill      XL: |  1  2  3  4  5 |
---------------+----------------+-----
Spellcasting   | 2 3 |  3.5
Conjurations   | 4 5 |  5.0
Fighting       | 1 |  1.1
Dodging        | |  1.7
Stealth        | |  1.7

Action                     |  1- 3 |  4- 6 || total
---------------------------+-------+-------++-------
  Melee: Dagger            |     4 |     5 ||     9
         Short sword       |     9 |       ||     9
         Staff             |     7 |    10 ||    17
         Unarmed           |       |     7 ||     7
   Cast: Magic Dart        |    63 |     2 ||    65
         Searing Ray       |    14 |    10 ||    24
    Use: Potion            |       |     3 ||     3
   Stab: Sleeping          |     1 |       ||     1
 Armour: Robe              |     3 |     2 ||     5
         Skin              |       |    10 ||    10
  Dodge: Dodged            |    24 |    14 ||    38
